 Dungeon Crawl Stone Soup version 0.22-a0-231-g1b571ea (webtiles) character file.

380 seerdeer the Skirmisher (level 6, -2/39 HPs)
             Began as a Gargoyle Monk on Feb 20, 2018.
             Killed by divine providence
             ... invoked by an orc priest
              (9 damage)
             ... on level 4 of the Dungeon.
             The game lasted 00:20:24 (2554 turns).

seerdeer the Skirmisher (Gargoyle Monk)             Turns: 2554, Time: 00:20:24

Health: -2/39      AC: 11    Str: 14 (16) XL:     6   Next: 75%
Magic:  0/15       EV: 13    Int:  8 (10) God:
Gold:   160        SH:  0    Dex: 12 (13) Spells: 5/5 levels left

rFire    . . .     SeeInvis .   e - +0 mace
rCold    . . .     Gourm    .   (no shield)
rNeg     + . .     Faith    .   v - +0 leather armour
rPois    ∞         Spirit   +   h - +0 helmet
rElec    +         Reflect  .   (no cloak)
rCorr    .         Harm     .   (no gloves)
MR       .....                  (no boots)
Stlth    ++........             n - amulet of guardian spirit
HPRegen  0.13/turn              f - ring of magical power
MPRegen  0.14/turn              t - +3 ring of protection

@: no status effects
A: negative energy resistance 1, electricity resistance, unbreathing,
petrification resistance, rot immunity, AC +4
a: no special abilities


You were on level 4 of the Dungeon.
You were full.

You visited 1 branch of the dungeon, and saw 4 of its levels.

You collected 160 gold pieces.

Inventory:

Hand Weapons
 e - a +0 mace (weapon)
Missiles
 o - 41 sling bullets (quivered)
 s - a throwing net
Armour
 h - a +0 helmet (worn)
 v - a +0 leather armour (worn)
Jewellery
 f - a ring of magical power (left hand)
 n - an amulet of guardian spirit (around neck)
 t - a +3 ring of protection (right hand)
Scrolls
 g - 2 scrolls of identify
 u - 2 scrolls of remove curse
Potions
 q - a potion of resistance {unknown}
Comestibles
 c - 4 rations
 i - 3 chunks of flesh


   Skills:
 + Level 4.6 Fighting
   Level 0.2 Short Blades
 + Level 3.7 Maces & Flails
   Level 3.0 Polearms
 + Level 2.3 Armour
 + Level 3.3 Dodging
 + Level 2.7 Stealth


You had 5 spell levels left.
You didn't know any spells.

Dungeon Overview and Level Annotations

Branches:
Dungeon (4/15)             Temple (0/1) D:4

Altars:
Yredelemnul


Innate Abilities, Weirdness & Mutations

You are resistant to torment.
Your stone body is resilient. (AC +4)
You are immune to poison.
You resist negative energy. (rN+)
You are resistant to electric shocks. (rElec)
You can survive without breathing.
You are immune to petrification.
You are immune to rotting.


Message History

It was a potion of degeneration.
There was something very wrong with that liquid.
You feel weakened.
You feel dopey.
You feel clumsy. The orc priest barely misses you.
You hit the orc priest.
The orc priest is lightly wounded.
The orc priest barely misses you.
You hit the orc priest.
The orc priest is moderately wounded.
The orc priest mumbles some strange prayers to Beogh against you.
Pain shoots through your body!
* * * LOW HITPOINT WARNING * * *
You closely miss the orc priest.
The orc priest is moderately wounded.
The orc priest barely misses you.
You hit the orc priest but do no damage.
The orc priest is moderately wounded.
The orc priest calls down the wrath of Beogh upon you.
Beogh smites you!
You die...

#....# *,#..##*,,,,,,,,,, #....#
*,,....,,,,,,,,,**
*****####....#####,.o#,,,,,,,,,*
,,,,,............###.#,,,,,,,,,*
*****##.......##÷.##.##,*****,,*
,,,,,..........÷.....>#,* *,,*
*****##.#####.........#,*****,,*
#.****#####.#...#,,,,,,,,*
#,,,,,#...@o....#*******,*
*****,#.###.....##### *,*
*****,#.#...........#***,*
*,,,,,#.#.#.....###.#,,,,*
*,,,,,#...#...<.###,*,****
*,,,,,#####.....#..,*,*
*******,,,,,,.........#.#**,*
*,,,,,,,,,,,*#####....#.# *,*
*,,,,,,,,,,,* #....#.###.#


You could see an orc priest.

Vanquished Creatures
  A human (D:3)
  Menkaure (D:4)
  A hound (D:4)
  An orc priest (D:4)
  2 adders
  2 dart slugs
  2 leopard geckos
  3 goblins (D:1)
  3 hobgoblins
  2 jackals (D:3)
  A quokka (D:2)
  A bat (D:1)
  2 frilled lizards
  A jackal zombie (D:3)
  6 kobolds
  A kobold skeleton (D:3)
  9 rats
39 creatures vanquished.

Notes
Turn   | Place    | Note
-------+----------+-------------------------------------------
     0 | D:1      | seerdeer the Gargoyle Monk began the quest for the Orb.
     0 | D:1      | Reached XP level 1. HP: 14/14 MP: 1/1
   491 | D:1      | Reached XP level 2. HP: 3/20 MP: 2/2
  1172 | D:2      | Reached XP level 3. HP: 24/24 MP: 3/3
  1605 | D:3      | Reached skill level 4 in Fighting
  1634 | D:3      | Found a runed door.
  1634 | D:3      | Noticed a human
  1699 | D:3      | Found a basalt altar of Yredelemnul.
  1738 | D:3      | Killed a human
  1738 | D:3      | Reached skill level 1 in Armour
  1738 | D:3      | Reached XP level 4. HP: 11/29 MP: 4/4
  1738 | D:3      | Reached XP level 5. HP: 12/33 MP: 5/5
  2478 | D:4      | Reached XP level 6. HP: 32/39 MP: 6/6
  2513 | D:4      | Noticed Menkaure
  2527 | D:4      | Killed Menkaure
  2554 | D:4      | Killed from afar by an orc priest

Vault maps used:
D:1:      nagdon_arrival_double_spiral
D:2:      minitemple, first_ration
D:3:      dk_yredelemnul_ordeal
D:4:      grunt_temple_overflow_order_and_chaos_2, temple_fountains,
          minmay_a_box_with_orc_wizards_in_it, uniq_menkaure

Skill      XL: |  1  2  3  4  5  6 |
---------------+-------------------+-----
Polearms       | 3 |  3.0
Fighting       | 4 |  4.6
Maces & Flails | 2 3 |  3.7
Armour         | 1 2 |  2.3
Dodging        | 3 |  3.3
Short Blades   | |  0.2
Stealth        | |  2.7

Action                   |  1- 3 |  4- 6 || total
-------------------------+-------+-------++-------
Melee: Dagger            |    54 |       ||    54
       Mace              |    94 |    36 ||   130
       Spear             |     8 |       ||     8
Throw: Stone             |    14 |       ||    14
  Use: Scroll            |     8 |     3 ||    11
       Potion            |     1 |     2 ||     3
 Stab: Sleeping          |     3 |       ||     3
  Eat: Ration            |     1 |     2 ||     3
Armor: Robe              |    14 |       ||    14
       Leather armour    |    65 |    11 ||    76
Dodge: Dodged            |   127 |    42 ||   169

Table legend:
 A = Spawn XP
 B = Non-spawn XP
 C = Spawn XP percentage of total XP
 D = Spawn monster count
 E = Non-spawn monster count
 F = Spawn count percentage of total count
 G = Total turns spent on level
                    A         B        C        D         E        F      G
               +---------+---------+-------+---------+---------+-------+---------
         Total |       0 |     544 |   0.0 |       0 |      39 |   0.0 |  2554
               +---------+---------+-------+---------+---------+-------+---------
           D:1 |       0 |      19 |   0.0 |       0 |      13 |   0.0 |   979
           D:2 |       0 |      28 |   0.0 |       0 |       9 |   0.0 |   512
           D:3 |       0 |     229 |   0.0 |       0 |      13 |   0.0 |   923
           D:4 |       0 |     268 |   0.0 |       0 |       4 |   0.0 |   140
               +---------+---------+-------+---------+---------+-------+---------
